 Dungeon Crawl Stone Soup version 0.19-a0-1216-g363869b (webtiles) character file.

1364 inmateoo the Martial Artist (level 8, -10/42 HPs)
             Began as a Vine Stalker Transmuter on Aug 23, 2016.
             Killed from afar by a crimson imp (12 damage)
             ... with a wand of acid
             ... on level 5 of the Dungeon.
             The game lasted 00:06:07 (4025 turns).

inmateoo the Martial Artist (VSTm)                  Turns: 4025, Time: 00:06:08

Health: -10/42     AC: 12    Str: 13    XL:     8   Next: 64%
Magic:  0/14       EV: 13    Int: 13    God:
Gold:   246        SH:  0    Dex: 17    Spells: 3 memorised, 8 levels left

rFire  + . .     SeeInvis .       - Unarmed
rCold  . . .     Gourm    .     i - +3 leather armour {rF+}
rNeg   . . .     Faith    .     (no shield)
rPois  .         Spirit   +     u - +2 helmet
rElec  .         Dismiss  .     q - +0 cloak
rCorr  .         Reflect  .     (no gloves)
MR     +....     Harm     .     w - +0 pair of boots
Stlth  +.........               (no amulet)
                                n - +4 ring of protection
                                j - +2 ring of protection

@: corroded
A: fangs 3, deformed body, deterioration 1, regeneration 1, robust 1, magic
shield, antimagic bite, no device heal 3, rot immunity
a: no special abilities


You were on level 5 of the Dungeon.
You were hungry.

You visited 1 branch of the dungeon, and saw 5 of its levels.

You collected 246 gold pieces.

Inventory:

Hand Weapons
 t - a +2 dagger of venom
Missiles
 a - 27 arrows
Armour
 i - a +3 leather armour of fire resistance (worn)
 q - a +0 cloak (worn)
 u - a +2 helmet (worn)
 w - a +0 pair of boots (worn)
Jewellery
 g - an uncursed ring of flight
 j - a +2 ring of protection (left hand)
 m - an uncursed ring of stealth
 n - a +4 ring of protection (right hand)
 x - an uncursed ring of see invisible
Scrolls
 e - a scroll of fog {unknown}
 f - 2 scrolls of magic mapping
 h - 4 scrolls of remove curse
 k - 2 scrolls of identify
 l - a scroll of acquirement {unknown}
 r - a scroll of enchant weapon {unknown}
 s - a scroll of enchant armour
 y - a scroll of amnesia {unknown}
 z - a scroll of noise {unknown}
Potions
 b - 2 potions of curing
 v - a potion of resistance
Books
 c - a book of Changes

   Spells                             Type                      Level
   a - Beastly Appendage              Transmutation                1
   b - Sticks to Snakes               Transmutation                2
   c - Spider Form                    Transmutation/Poison         3
   d - Ice Form                       Ice/Transmutation            4
   e - Blade Hands                    Transmutation                5
Comestibles
 d - 5 bread rations
 o - 2 meat rations
 p - a slice of pizza


   Skills:
 + Level 2.9 Fighting
 + Level 2.3 Armour
 + Level 3.2 Dodging
 * Level 8.0 Unarmed Combat
 + Level 3.5 Spellcasting
 + Level 3.6 Transmutations


You had 8 spell levels left.
You knew the following spells:

 Your Spells              Type           Power        Failure   Level  Hunger
a - Beastly Appendage     Tmut           ##....       8%          1    #......
b - Sticks to Snakes      Tmut           ##......     12%         2    ##.....
c - Spider Form           Tmut/Pois      #.........   41%         3    ###....


Dungeon Overview and Level Annotations

Branches:
Dungeon (5/15)
 Temple: D:4-7

Altars:
Ashenzari
Dithmenos
Elyvilon
Fedhas
Gozag
Kikubaaqudgha
Qazlal
Uskayaw
Yredelemnul
The Shining One


Innate Abilities, Weirdness & Mutations

You have razor-sharp teeth.
Your natural rate of healing is unusually fast.
When hurt, damage is shared between your health and your magic reserves.
Your bite disrupts and absorbs the magic of your enemies.
Potions and wands cannot restore your health.
You are immune to rotting.
Armour fits poorly on your strangely shaped body.
Your body sometimes deteriorates upon taking damage.
You are robust. (+10% HP)


Message History

The crimson imp is moderately wounded.
The crimson imp lashes its tail.
The crimson imp blinks!
The crimson imp zaps a wand.
The bolt of acid hits you!
* * * LOW HITPOINT WARNING * * *
The acid burns!
* * * LOW HITPOINT WARNING * * *
You are too injured to fight recklessly!
You are too injured to fight recklessly!
You are too injured to fight recklessly!
Unknown command.
Okay, then.
You aren't carrying any items that you can evoke.
Okay, then.
Okay, then.
As you read the scroll labeled OSCHUS HIRIEBBO, it crumbles to dust.
It is a scroll of enchant armour.
Your +2 leather armour of fire resistance glows green for a moment.
The crimson imp zaps a wand.
The bolt of acid hits you!
You die...

######## .......#
#. ######.. ?
##.######### #.
#..5#.......#
####
#.##...#.......#
.....
#..............#
#####
#(./...........#
#..............
###
#..(@.........
##.##
###..ยง?.........
####.#.##
#...........###
....###.#
#.######..#.#
####.#.## #.#
###..#.# ##.##
##.####......#
#.#
#..........#.#
#.#
#..##.....##.#
#.#
#....).......#


You could see a crimson imp.

Vanquished Creatures
  Sigmund (D:4)
  Eustachio (D:5)
  An ogre (D:4)
  A necrophage (D:5)
  A centaur (D:5)
  Blork the orc (D:4)
  Dowan (D:5)
  2 scorpions
  A giant frog zombie (D:5)
  2 orc priests (D:5)
  A hound (D:4)
  A giant frog skeleton (D:4)
  Crazy Yiuf (D:4)
  An iguana (D:4)
  Natasha (D:4)
  3 orc wizards
  3 worker ants (D:4)
  2 adders
  2 shadow imps (D:5)
  An ooze (D:4)
  An adder skeleton (D:4)
  2 worms
  A dart slug (D:1)
  4 giant geckos
  13 orcs
  2 ball pythons (D:2)
  6 giant cockroaches
  6 goblins
  5 hobgoblins
  11 jackals
  A quokka (D:5)
  7 bats
  9 giant newts
  7 kobolds
  A quokka skeleton (D:5)
  5 rats
109 creatures vanquished.

Vanquished Creatures (collateral kills)
  Duvessa (D:5)
1 creature vanquished.

Grand Total: 110 creatures vanquished

Notes
Turn   | Place    | Note
-------+----------+-------------------------------------------
     0 | D:1      | inmateoo the Vine Stalker Transmuter began the quest for the Orb.
     0 | D:1      | Reached XP level 1. HP: 9/9 MP: 4/4
   291 | D:1      | Reached XP level 2. HP: 8/14 MP: 4/6
   528 | D:1      | Reached skill level 4 in Unarmed Combat
   618 | D:1      | Reached XP level 3. HP: 17/17 MP: 7/7
  1097 | D:2      | Found a shadowy altar of Dithmenos.
  1163 | D:2      | Found a basalt altar of Yredelemnul.
  1213 | D:2      | Found a white marble altar of Elyvilon.
  1280 | D:2      | Found an ancient bone altar of Kikubaaqudgha.
  1295 | D:2      | Found a hide-covered altar of Uskayaw.
  1297 | D:2      | Found a blossoming altar of Fedhas.
  1298 | D:2      | Found a glowing golden altar of the Shining One.
  1300 | D:2      | Found a shattered altar of Ashenzari.
  1822 | D:3      | Gained mutation: Your natural rate of healing is unusually fast. [Vine Stalker growth]
  1822 | D:3      | Reached XP level 4. HP: 20/21 MP: 8/8
  2089 | D:3      | Reached skill level 5 in Unarmed Combat
  2189 | D:4      | Reached XP level 5. HP: 12/25 MP: 7/9
  2221 | D:4      | Noticed Blork the orc
  2254 | D:4      | Killed Blork the orc
  2254 | D:4      | Reached skill level 6 in Unarmed Combat
  2258 | D:4      | Reached XP level 6. HP: 25/29 MP: 7/10
  2280 | D:4      | Learned a level 2 spell: Sticks to Snakes
  2284 | D:4      | Learned a level 3 spell: Spider Form
  2293 | D:4      | Noticed Sigmund
  2307 | D:4      | Killed Sigmund
  2307 | D:4      | Reached skill level 1 in Fighting
  2348 | D:4      | Reached XP level 7. HP: 21/33 MP: 7/11
  2354 | D:4      | Reached skill level 1 in Armour
  2354 | D:4      | Reached skill level 7 in Unarmed Combat
  2380 | D:4      | Noticed Natasha
  2540 | D:4      | Found a runed door.
  2627 | D:4      | Killed Natasha
  2792 | D:4      | Got a twisted trident
  2802 | D:4      | Gained mutation: You are robust. (+10% HP) [potion of mutation]
  2802 | D:4      | Gained mutation: Your body sometimes deteriorates upon taking damage. [potion of mutation]
  2802 | D:4      | Gained mutation: Armour fits poorly on your strangely shaped body. [potion of mutation]
  2803 | D:4      | Identified the +2 trident of the Boar {vamp, +Inv Dex+4} (You found it on level 4 of the Dungeon)
  2940 | D:5      | Entered Level 5 of the Dungeon
  3335 | D:4      | Noticed Crazy Yiuf
  3339 | D:4      | Killed Crazy Yiuf
  3489 | D:5      | Found an opulent altar of Gozag.
  3509 | D:5      | Noticed Eustachio
  3520 | D:5      | Killed Eustachio
  3520 | D:5      | Gained mutation: You have razor-sharp teeth. [Vine Stalker growth]
  3520 | D:5      | Reached XP level 8. HP: 2/42 MP: 2/13
  3522 | D:5      | HP: 2/42 [centaur (2)]
  3760 | D:5      | Found a stormy altar of Qazlal.
  3954 | D:5      | Noticed Duvessa
  3956 | D:5      | Noticed Dowan
  3983 | D:5      | Killed Duvessa
  3983 | D:5      | Reached skill level 8 in Unarmed Combat
  3999 | D:5      | Killed Dowan
  4024 | D:5      | HP: 1/42 [acid (9)]
  4025 | D:5      | Killed from afar by a crimson imp

Vault maps used:
D:1:      saegor_arrival_simple_e
D:2:      kennysheep_ying_yang, minitemple,
          nicolae_dithmenos_through_a_glass_darkly, hangedman_decor_points,
          minmay_misc_feat_tiny, kennysheep_generic_room_10
D:3:      first_bread
D:4:      nrook_mini_backslash, serial_bayou_crossing, uniq_natasha,
          uniq_sigmund, uniq_blork_the_orc, uniq_crazy_yiuf_cottage
D:5:      lemuel_doored_altar, basic_altar, minmay_misc_feat_hallway,
          uniq_duvessa, uniq_eustachio

Skill      XL: |  1  2  3  4  5  6  7  8 |
---------------+-------------------------+-----
Unarmed Combat | 4 5 6 7 8 |  8.0
Fighting       | 1 2 |  2.9
Armour         | 1 2 |  2.3
Dodging        | 2 3 |  3.2
Spellcasting   | 3 |  3.5
Transmutations | 3 |  3.6

Action                   |  1- 3 |  4- 6 |  7- 9 || total
-------------------------+-------+-------+-------++-------
Melee: Unarmed           |   136 |    11 |   205 ||   352
       Bite              |    21 |    15 |    58 ||    94
       Headbutt          |     5 |       |    10 ||    15
       Punch             |     1 |     1 |     7 ||     9
       Kick              |     1 |       |     1 ||     2
       Dagger            |       |    52 |       ||    52
 Cast: Beastly Appendage |     3 |       |     7 ||    10
       Sticks to Snakes  |       |       |     4 ||     4
  Use: Scroll            |       |       |    10 ||    10
       Potion            |       |       |     2 ||     2
 Stab: Sleeping          |     1 |     5 |       ||     6
  Eat: Chunk             |     2 |     3 |     5 ||    10
Armor: Robe              |    11 |       |       ||    11
       Leather armour    |    34 |     9 |    66 ||   109
Dodge: Dodged            |   103 |    31 |   122 ||   256
